 Dungeon Crawl Stone Soup version 0.27-a0-54-g64bdb92e38 (webtiles) character file.

Game seed: 6200119057030266833

136 kae the Insei (level 5, 0/34 HPs)
             Began as an Octopode Transmuter on Jan 7, 2021.
             Slain by an orc
             ... wielding a +0 club
              (3 damage)
             ... on level 3 of the Dungeon.
             The game lasted 00:01:29 (3145 turns).

kae the Insei (Octopode Transmuter)                 Turns: 3145, Time: 00:01:30

Health: 0/34       AC:  1    Str: 10    XL:     5   Next: 19%
Magic:  8/8        EV: 14    Int: 16    God:
Gold:   105        SH:  0    Dex: 12    Spells: 8/9 levels left

rFire    . . .     SeeInvis .     - Unarmed
rCold    . . .     Faith    .   (no shield)
rNeg     . . .     Spirit   .   (helmet currently unavailable)
rPois    .         Reflect  .   (no amulet)
rElec    .         Harm     .   a - ring of stealth
rCorr    +         Rampage  .   j - ring of resist corrosion
Will     .....                  (no ring)
Stlth    +++.......             (no ring)
HPRegen  0.11/turn              (no ring)
MPRegen  0.11/turn              (no ring)
                                (no ring)
                                (no ring)

@: appendages (expiring)
A: almost no armour, stealthy swim, amphibious, 8 rings, constrict 8, tentacle
spike 3, camouflage 1, gelatinous body 1
a: End Transformation


You were on level 3 of the Dungeon.
One of your tentacles had a temporary spike.
You visited 1 branch of the dungeon, and saw 3 of its levels.

You collected 105 gold pieces.

Inventory:

Jewellery
 a - a ring of stealth (left tentacle)
 j - a ring of resist corrosion (right tentacle)
Scrolls
 b - 2 scrolls of identify {unknown}
 d - a scroll of noise {unknown}
 e - 3 scrolls of remove curse {unknown}
 f - a scroll of random uselessness {unknown}
 i - a scroll of magic mapping {unknown}
 k - a scroll of blinking {unknown}
Potions
 c - 2 potions of flight {unknown}
 g - a potion of magic {unknown}
 h - a potion of haste {unknown}


   Skills:
 + Level 2.0 Fighting
 + Level 2.7 Dodging
 * Level 4.1 Unarmed Combat
 + Level 2.5 Spellcasting
 + Level 2.7 Transmutations


You had 8 spell levels left.
You knew the following spells:

 Your Spells              Type           Power        Failure   Level
a - Beastly Appendage     Tmut           20%          6%          1

Your spell library contained the following spells:

 Spells                   Type           Power        Failure   Level
 Wereblood                Tmut           10%          10%         2
 Spider Form              Tmut/Pois      3%           32%         3
 Ice Form                 Ice/Tmut       6%           73%         4
 Blade Hands              Tmut           5%           87%         5


Dungeon Overview and Level Annotations

Branches:
Dungeon (3/15)

Altars:
Fedhas
Gozag

Annotations:
D:3 Terence


Innate Abilities, Weirdness & Mutations

You cannot wear most types of armour.
You are very stealthy in the water. (Stealth+)
You are amphibious.
You can wear up to eight rings at the same time.
You can use your tentacles to constrict eight enemies at once.
Your skin changes colour to match your surroundings (Stealth+).
Your rubbery body absorbs attacks. (AC +1, EV +1)
One of your tentacles bears a large vicious spike.


Message History

The orc is moderately wounded.
You constrict the orc. The orc hits you with a +0 flail!
You are too injured to fight recklessly!
You are too injured to fight recklessly!
You tentacle-slap the orc. x2
You kill the orc!
The orc barely misses you.
You are too injured to fight recklessly!
You are too injured to fight recklessly!
You tentacle-slap the orc. Your grab misses the orc.
The orc is heavily wounded.
The orc hits you from afar with a +0 trident!
* * * LOW HITPOINT WARNING * * *
You are too injured to fight recklessly!
You are too injured to fight recklessly!
You tentacle-slap the orc. Your grab misses the orc.
Your tentacle spike misses the orc.
The orc is almost dead.
The orc hits you with a +0 club.
You die...

# # ##.#.# .# #
....#####. .# #.......
..# #..##..######...#
##....#..†.@o..♣
####...##.######o....#
###.......).# #...##
............# #.##
##.........## .#
#.†........).. #
#.......[####.# #
###...###..### #. .#
......# #.....
.######.#


You could see 2 orcs.

Vanquished Creatures
  An orc priest (D:3)
  2 adders (D:2)
  A dart slug (D:1)
  4 worms (D:2)
  A leopard gecko (D:2)
  2 orcs (D:3)
  2 ball pythons (D:1)
  A giant cockroach (D:2)
  5 goblins
  8 hobgoblins
  13 jackals
  8 bats
  5 frilled lizards
  10 kobolds
  6 rats
  A bush (D:1)
70 creatures vanquished.

Notes
Turn   | Place    | Note
-------+----------+-------------------------------------------
     0 | D:1      | kae the Octopode Transmuter began the quest for the Orb.
     0 | D:1      | Reached XP level 1. HP: 13/13 MP: 3/3
    59 | D:1      | Reached XP level 2. HP: 8/18 MP: 5/5
   845 | D:1      | Reached XP level 3. HP: 23/23 MP: 6/6
  1668 | D:2      | Found an opulent altar of Gozag.
  1855 | D:2      | Found a blossoming altar of Fedhas.
  2099 | D:2      | Reached XP level 4. HP: 23/28 MP: 5/7
  3071 | D:3      | Reached skill level 4 in Unarmed Combat
  3108 | D:3      | Noticed Terence
  3129 | D:3      | Reached XP level 5. HP: 32/34 MP: 8/8
  3145 | D:3      | Slain by an orc

Illustrated notes

Levels and vault maps discovered:
D:1:      giann_bridges, layout_basic, minmay_hedge_maze, st_stairs_3
D:2:      layout_loops_ring, lemuel_crystal_altar, corexii_leaking_fountain,
          nicolae_gozag_seed_capital
D:3:      layout_loops_ring, minmay_misc_feat_nine_boxes,
          wad_floor_pattern_untrapped, grunt_ministairs_14, minmay_checkerbox,
          uniq_terence

Skill      XL: |  1  2  3  4 |
---------------+-------------+-----
Unarmed Combat | 4 |  4.1
Fighting       | 2 |  2.0
Dodging        | |  2.7
Spellcasting   | |  2.5
Transmutations | |  2.7

Action                   |  1- 3 |  4- 6 || total
-------------------------+-------+-------++-------
Melee: Unarmed           |   170 |    68 ||   238
       Constrict         |    25 |    18 ||    43
       Tentacles         |    29 |    10 ||    39
       Kick              |     7 |    13 ||    20
       Punch             |     5 |     2 ||     7
 Cast: Beastly Appendage |    15 |    11 ||    26
 Stab: Sleeping          |    13 |     7 ||    20
Armor: Skin              |    10 |     3 ||    13
Dodge: Dodged            |    75 |    38 ||   113

Table legend: (Time is in decaauts)
 A = Elapsed time spent in this place.
 B = Non-inter-level travel time spent in this place.
 C = Inter-level travel time spent in this place.
 D = Time resting spent in this place.
 E = Time spent auto-exploring this place.
 F = Levels seen in this place.
 G = Mean time per level.
                   A        B        C        D        E       F      G
               +--------+--------+--------+--------+--------+-----+--------+
         Total |   3128 |   3074 |     54 |    394 |   2187 |   3 | 1042.7 |
       Dungeon |   3128 |   3074 |     54 |    394 |   2187 |   3 | 1042.7 |
               +--------+--------+--------+--------+--------+-----+--------+

Top non-repeatable levels by time:
     D:1: 1653 daAuts
     D:2: 1277 daAuts
     D:3: 197 daAuts
